 Dungeon Crawl Stone Soup version 0.30-a0-234-g97d66968fd (webtiles) character file.

Game seed: 15720424338274323609

17950 910rd the Cleaver (level 12, -1/77 HPs)
             Began as a Gargoyle Fighter on Oct 10, 2022.
             Was a Believer of the Shining One.
             Slain by a dire elephant (13 damage)
             ... on level 1 of the Lair of Beasts.
             The game lasted 00:39:03 (10912 turns).

910rd the Cleaver (Gargoyle Fighter)               Turns: 10912, Time: 00:39:04

Health: -1/77      AC: 32    Str: 21    XL:     12   Next: 53%
Magic:  0/18       EV: 11    Int:  9    God:    the Shining One [**....]
Gold:   1125       SH:  4    Dex: 13    Spells: 11/11 levels left

rFire   + . .      SeeInvis .    U - +2 war axe (vorpal)
rCold   . . .      Faith    .    c - +0 buckler
rNeg    + + .      Spirit   +    r - +3 scale mail {rF+}
rPois   ∞          Reflect  .    t - +2 helmet of Oblivion {Str-2 Dex+2 Stlth+}
rElec   +          Harm     +    K - scarf {harm}
rCorr   .          Rampage  .    M - +0 pair of gloves
Will    .....                    N - +0 pair of boots
Stlth   +.........               Y - amulet of guardian spirit
HPRegen 0.32/turn                m - +4 ring of protection
MPRegen 0.16/turn                W - +4 ring of protection

@: glowing
A: sickness immunity, AC +8, negative energy resistance 1, electricity
resistance, torment resistance 1, petrification resistance
a: Renounce Religion, Divine Shield


You were on level 1 of the Lair of Beasts.
You worshipped the Shining One.
The Shining One was pleased with you.
You visited 3 branches of the dungeon, and saw 15 of its levels.
You also visited: Sewer.

You collected 1125 gold pieces.

Inventory:

Hand Weapons
 a - a +0 broad axe
 j - a +2 vorpal mace
 D - a +1 mace of protection
 H - a +0 dire flail
 U - a +2 vorpal war axe (weapon)
 Z - a +2 spear of venom
Missiles
 h - 37 poisoned darts (quivered)
 T - 15 curare-tipped darts
Armour
 c - a +0 buckler (worn)
 r - a +3 scale mail of fire resistance (worn)
 t - the +2 helmet of Oblivion (worn) {Str-2 Dex+2 Stlth+}
   (You found it on level 12 of the Dungeon)

   Str:       It affects your strength (-2).
   Dex:       It affects your dexterity (+2).
   Stlth:     It makes you more stealthy.
 K - a scarf of harm (worn)
 M - a +0 pair of gloves (worn)
 N - a +0 pair of boots (worn)
 O - a +0 helmet
 P - +0 ice dragon scales
 R - +0 steam dragon scales
 S - a +1 kite shield of protection
Jewellery
 b - a ring of ice
 d - a +4 ring of evasion
 m - a +4 ring of protection (left hand)
 A - a ring of flight
 I - a ring of positive energy
 W - a +4 ring of protection (right hand)
 Y - an amulet of guardian spirit (around neck)
Wands
 p - a wand of iceblast (19)
 u - a wand of polymorph (15)
 w - a wand of flame (23)
 x - a wand of charming (3)
 B - a wand of acid (5)
 Q - a wand of digging (6)
Scrolls
 g - 2 scrolls of summoning
 k - a scroll of enchant armour
 o - 3 scrolls of enchant weapon
 y - 5 scrolls of teleportation
 C - 2 scrolls of fear
 E - a scroll of acquirement
 F - a scroll of blinking
 J - 3 scrolls of amnesia
 L - a scroll of immolation
 X - a scroll of brand weapon {unknown}
Potions
 e - 2 potions of might
 f - 3 potions of lignification
 i - 2 potions of magic
 l - 4 potions of curing
 n - 2 potions of attraction
 q - a potion of brilliance
 s - 2 potions of cancellation
 v - a potion of resistance {unknown}
 z - 4 potions of ambrosia
 G - a potion of mutation
 V - a potion of haste


   Skills:
 - Level 10.0 Fighting
 + Level 13.4 Axes
 - Level 2.0 Throwing
 - Level 5.0 Armour
 - Level 4.0 Dodging
 - Level 3.2 Shields
 - Level 8.0 Invocations
 - Level 5.2 Evocations


You had 11 spell levels left.
You didn't know any spells.
Your spell library contained the following spells:

 Spells                   Type           Power      Damage    Failure   Level
 Freeze                   Ice            0%         1d3       80%         1
 Slow                     Hex            0%         N/A       80%         1
 Confusing Touch          Hex            0%         N/A       99%         3
 Frozen Ramparts          Ice            0%         1d1       99%         3
 Hailstorm                Conj/Ice       0%         3d3       99%         3
 Vampiric Draining        Necr           0%         2d6       99%         3
 Petrify                  Tmut/Erth      0%         N/A       100%        4
 Irradiate                Conj/Tmut      0%         3d11      100%        5
 Sublimation of Blood     Necr           Unusable   N/A       N/A         2

Dungeon Overview and Level Annotations

Branches:
Dungeon (12/15) Zot: 26042  Temple (1/1) D:7 Zot: 5984    Lair (2/5) D:11 Zot: 11208
  Sewer (visited)
  Swamp: Lair:2-3    Shoals: Lair:2-3     Snake: Lair:2-3    Spider: Lair:2-3
    Orc: D:9-12

Altars:
Ashenzari
Cheibriados
Dithmenos
Elyvilon
Fedhas
Gozag
Kikubaaqudgha
Makhleb
Nemelex Xobeh
Vehumet
Xom
Yredelemnul
The Shining One

Shops:
D:8 !

Annotations:
Lair:2 exclusion: upstairs


Innate Abilities, Weirdness & Mutations

You are immune to sickness and miasma.
Your stone body is resilient. (AC +8)
You are immune to poison.
You resist negative energy. (rN+)
You are resistant to electric shocks. (rElec)
You are resistant to unholy torment.
You are immune to petrification.


Message History

The dire elephant is heavily wounded.
Aiming: Iceblast
Press: ? - help, Shift-Dir - straight line, p - dire elephant The mass of ice explodes!
The iceblast engulfs the dire elephant!
The dire elephant is heavily wounded.
The dire elephant tramples you.
* * * LOW HITPOINT WARNING * * *
You stumble backwards!
You take 1 damage, and have 31/77 hp.
You now have 6/18 mp.
Aiming: Iceblast
Press: ? - help, Shift-Dir - straight line The mass of ice explodes!
The iceblast engulfs the dire elephant!
The dire elephant is severely wounded.
The dire elephant tramples you but does no damage.
The dire elephant trunk-slaps you!
* * * LOW HITPOINT WARNING * * *
You take 10 damage, and have 21/77 hp.
You now have 4/18 mp.
Aiming: Iceblast
Press: ? - help, Shift-Dir - straight line The mass of ice explodes!
The iceblast engulfs the dire elephant!
The dire elephant is almost dead.
The dire elephant looks more healthy.
You hit the dire elephant but do no damage.
The dire elephant is almost dead.
You block the dire elephant's attack. The dire elephant barely misses you.
You hit the dire elephant.
The dire elephant is almost dead.
The dire elephant tramples you!!
* * * LOW HITPOINT WARNING * * *
You stumble backwards!
You take 18 damage, and have 4/77 hp.
MASSIVE DAMAGE!!
You now have 1/18 mp.
You feel better.
The dire elephant is no longer moving slowly.
You regained 7 hp, and now have 11/77 hp.
Aiming: Iceblast
Press: ? - help, Shift-Dir - straight line The mass of ice explodes!
The iceblast engulfs the dire elephant!
The dire elephant is almost dead.
The dire elephant tramples you!
You die...

###≈≈≈≈≈### ####...##....
#########~~≈≈≈≈≈≈≈####
#...###..P
........~.~≈≈≈≈≈≈≈≈≈~#
#..###...#
............~≈≈≈≈≈~..# #..#
##..# ...........)~≈~≈~~~..#
#..# #..#
..............~......# #..##
#..P
..#................#####>..#
#..# #...####..........##
#....# #..# ##P.##
#........@## ##..## #..#
#...###=.......Y# #..# #..#
##.P##..........# #..# #..#
#.####.........## #..# #..P
#.# ##..........# #..# #..#
#.# #..........## #..# #..#
#.# ##........(# #..## #..#
##.# #........(# #...# #..#
#P.# #.........# ##..## #...


You could see a dire elephant.

Vanquished Creatures
  Snorg (D:11)
  2 death knights (D:9)
  2 two-headed ogres
  2 boulder beetles (D:11)
  A tengu warrior (D:9)
  A manticore (D:11)
  A black mamba (Lair:1)
  An elephant (Lair:2)
  A komodo dragon (Lair:2)
  A kobold demonologist (D:9)
  3 trolls
  A slime creature (D:9)
  A shadow (D:9)
  A wyvern (D:11)
  25 yaks
  A vampire (D:11)
  A wraith (D:11)
  4 steam dragons
  4 vampire mosquitoes
  An acid dragon (D:8)
  2 water moccasins
  Pargi (Sewer)
  2 black bears (D:11)
  An orc warrior (D:9)
  2 sky beasts
  3 ogres
  2 centaurs
  4 kobold brigands
  3 phantoms
  6 bullfrogs
  A necrophage (D:8)
  A gnoll sergeant (D:10)
  6 scorpions
  8 wights
  20 killer bees
  5 howler monkeys
  10 electric eels
  8 hounds
  3 orc priests
  4 jellies
  Terence (D:3)
  2 iguanas
  10 orc wizards
  11 adders
  13 gnolls
  An ufetubus (D:6)
  7 worms
  3 dart slugs
  26 orcs
  6 ball pythons
  10 bats
  6 endoplasms
  3 giant cockroaches
  7 goblins
  3 hobgoblins
  9 jackals
  5 quokkas
  3 frilled lizards
  30 kobolds
  8 rats
311 creatures vanquished.

Vanquished Creatures (others)
  45 fungi
  75 plants
120 creatures vanquished.

Grand Total: 431 creatures vanquished

Notes
Turn   | Place    | Note
-------+----------+-------------------------------------------
     0 | D:1      | 910rd the Gargoyle Fighter began the quest for the Orb.
     0 | D:1      | Reached XP level 1. HP: 14/14 MP: 1/1
   116 | D:1      | Reached XP level 2. HP: 20/20 MP: 2/2
   270 | D:1      | Reached XP level 3. HP: 23/24 MP: 3/3
   558 | D:2      | Reached skill level 5 in Fighting
   617 | D:2      | Reached skill level 2 in Axes
   835 | D:2      | Reached XP level 4. HP: 16/31 MP: 4/4
  1292 | D:3      | Reached skill level 3 in Axes
  1296 | D:3      | Noticed Terence
  1310 | D:3      | Killed Terence
  1311 | D:3      | Reached XP level 5. HP: 29/35 MP: 5/5
  1367 | D:3      | Found a shadowy altar of Dithmenos.
  1716 | D:3      | Reached skill level 4 in Axes
  1926 | D:3      | Reached XP level 6. HP: 40/40 MP: 6/6
  2068 | D:4      | Reached skill level 5 in Axes
  2360 | D:4      | Found a glowing drain.
  2372 | Sewer    | Entered a sewer
  2407 | Sewer    | Noticed Pargi
  2412 | Sewer    | Killed Pargi
  2413 | Sewer    | Reached skill level 6 in Axes
  2413 | Sewer    | Reached XP level 7. HP: 44/44 MP: 7/7
  2827 | D:5      | Entered Level 5 of the Dungeon
  2981 | D:5      | Reached skill level 7 in Axes
  3120 | D:5      | Reached XP level 8. HP: 45/49 MP: 8/8
  3181 | D:5      | Reached skill level 8 in Axes
  3213 | D:5      | Reached skill level 1 in Evocations
  3942 | D:6      | Found a white marble altar of Elyvilon.
  4096 | D:6      | Reached skill level 5 in Evocations
  4127 | D:6      | Reached XP level 9. HP: 46/54 MP: 9/9
  4517 | D:7      | Identified a scroll of acquirement
  4686 | D:7      | Found a sparkling altar of Nemelex Xobeh.
  4919 | D:7      | Reached skill level 5 in Armour
  4940 | D:7      | Reached skill level 1 in Dodging
  5074 | D:7      | Found a staircase to the Ecumenical Temple.
  5080 | Temple   | Entered the Ecumenical Temple
  5088 | Temple   | Became a worshipper of the Shining One
  5338 | D:7      | Reached skill level 1 in Invocations
  5630 | D:8      | Found Ilimusyx's Distillery.
  5802 | D:8      | Reached skill level 5 in Invocations
  5802 | D:8      | Reached XP level 10. HP: 51/64 MP: 12/14
  6576 | D:9      | Reached skill level 9 in Axes
  6652 | D:9      | Noticed a death knight
  6652 | D:9      | Noticed a tengu warrior
  6673 | D:9      | Killed a tengu warrior
  6683 | D:9      | Killed a death knight
  6684 | D:9      | Reached skill level 10 in Axes
  7004 | D:9      | Reached * piety under the Shining One
  7171 | D:9      | Reached XP level 11. HP: 69/69 MP: 15/15
  7484 | D:9      | Noticed a soul eater
  7620 | D:9      | Noticed a death knight
  7646 | D:9      | Killed a death knight
  7647 | D:9      | Reached skill level 10 in Fighting
  7822 | D:10     | Entered Level 10 of the Dungeon
  8218 | D:10     | Reached skill level 1 in Throwing
  8218 | D:10     | Noticed a two-headed ogre
  8235 | D:10     | Killed a two-headed ogre
  8758 | D:11     | Noticed Snorg
  8772 | D:11     | Killed Snorg
  8773 | D:11     | Reached skill level 11 in Axes
  8776 | D:11     | Noticed a manticore
  9013 | D:11     | Killed a manticore
  9062 | D:11     | Reached XP level 12. HP: 74/77 MP: 16/18
  9120 | D:11     | Noticed a boulder beetle
  9131 | D:11     | Killed a boulder beetle
  9155 | D:11     | You fall into a shaft and drop 1 floor!
  9223 | D:12     | Identified the +2 helmet of Oblivion {Str-2 Dex+2 Stlth+}
  9263 | D:12     | Reached skill level 12 in Axes
  9374 | D:12     | Reached ** piety under the Shining One
  9461 | D:11     | Found a staircase to the Lair.
  9712 | D:11     | Noticed a two-headed ogre
  9725 | D:11     | Killed a two-headed ogre
  9728 | D:11     | Noticed a boulder beetle
  9748 | D:11     | Killed a boulder beetle
 10047 | D:11     | Reached skill level 13 in Axes
 10051 | Lair:1   | Entered Level 1 of the Lair of Beasts
 10380 | Lair:1   | Noticed a five-headed hydra
 10381 | Lair:1   | Noticed a dire elephant
 10912 | Lair:1   | Slain by a dire elephant

Illustrated notes

Levels and vault maps discovered:
D:1:      minmay_arrival_diagonal_passages, layout_rooms
D:2:      layout_basic
D:3:      layout_rooms, mainiacjoe_overflow_alcove_1, kennysheep_generic_room_2,
          uniq_terence
D:4:      layout_rooms, gup_sewer_entry_bubbles, kennysheep_generic_room_16
D:5:      layout_basic, serial_rivers, chequers_serial_rivers_room_b,
          chequers_serial_rivers_micro_e, chequers_serial_rivers_small_3,
          chequers_serial_rivers_micro_d, chequers_serial_rivers_small_3
D:6:      layout_basic, mainiacjoe_overflow_alcove_2, columned_hall_lemuel
D:7:      layout_rooms, nemelex_dance_club_becter, minmay_temple_entry_hall
D:8:      layout_loops_ring, serial_shops, shop, nicolae_titane
D:9:      layout_small_grid, serial_bayou, serial_bayou_lagoon_b,
          serial_bayou_pond_d, serial_bayou_shore_a, serial_bayou_shore_b,
          minmay_misc_feat_tower, minmay_the_grid_2x2 [minmay_the_grid_doors,
          minmay_the_grid_x, minmay_the_grid_dragon_a,
          minmay_the_grid_prize_inner_circle]
D:10:     layout_roguey
D:11:     layout_cave_pods, due_lair_maze_entry_diamond, uniq_snorg
D:12:     layout_loops_ring, orc_0_dummy, minmay_tree_intersection
Temple:   compressed_dpeg_triangle_lava_temple
Lair:1:   statuecave_lemuel, layout_long_grid, minmay_stone_trees_small,
          nicolae_lair_lakeside_cave
Lair:2:   minmay_guarded_unrand_snakebite, layout_loops_ring,
          minmay_shoals_entry_hut, st_stairs_10

Skill      XL: |  1  2  3  4  5  6  7  8  9 10 11 12 |
---------------+-------------------------------------+-----
Fighting       | 4 5 8 10 | 10.0
Axes           | 2 3 4 6 7 8 10 11 13 | 13.4
Evocations     | 5 |  5.2
Armour         | 5 |  5.0
Dodging        | 1 4 |  4.0
Invocations    | 5 8 |  8.0
Throwing       | 2 |  2.0
Shields        | |  3.2

Action                   |  1- 3 |  4- 6 |  7- 9 | 10-12 || total
-------------------------+-------+-------+-------+-------++-------
Melee: War axe           |   112 |   201 |   406 |   434 ||  1153
Throw: Dart              |     2 |     6 |     9 |    19 ||    36
Invok: Divine Shield     |       |       |       |     2 ||     2
Evoke: Wand              |       |     4 |     1 |    19 ||    24
  Use: Scroll            |       |    11 |     8 |     7 ||    26
       Potion            |       |     1 |       |     4 ||     5
Armor: Scale mail        |    61 |   138 |   230 |   220 ||   649
Dodge: Dodged            |    59 |   144 |   254 |   286 ||   743
Block: Buckler           |    24 |    57 |    81 |   120 ||   282

Table legend: (Time is in decaauts)
 A = Elapsed time spent in this place.
 B = Non-inter-level travel time spent in this place.
 C = Inter-level travel time spent in this place.
 D = Time resting spent in this place.
 E = Time spent auto-exploring this place.
 F = Levels seen in this place.
 G = Mean time per level.
                   A        B        C        D        E       F      G
               +--------+--------+--------+--------+--------+-----+--------+
         Total |  11199 |  10638 |    561 |    412 |   7328 |  16 |  699.9 |
       Dungeon |  10306 |   9761 |    545 |    412 |   6731 |  12 |  858.8 |
        Temple |     15 |      9 |      6 |      0 |      0 |   1 |   15.0 |
          Lair |    790 |    780 |     10 |      0 |    582 |   2 |  395.0 |
         Sewer |     86 |     86 |      0 |      0 |     14 |   1 |   86.0 |
               +--------+--------+--------+--------+--------+-----+--------+

Top non-repeatable levels by time:
     D:9: 1557 daAuts
    D:11: 1293 daAuts
     D:6: 987 daAuts
     D:8: 901 daAuts
     D:2: 888 daAuts
     D:3: 879 daAuts
     D:7: 851 daAuts
     D:5: 825 daAuts
    D:10: 722 daAuts
     D:4: 641 daAuts
  Lair:1: 548 daAuts
     D:1: 481 daAuts
    D:12: 275 daAuts
  Lair:2: 241 daAuts
   Sewer: 86 daAuts
